Map: Port Aleksander LE

Players

Lambo - Winner!

  • Race: Zerg Zerg
  • League: Grandmaster
  • Spawn Location: 11:00

llllllllllll

  • Race: Terran Terran
  • League: Master
  • Spawn Location: 5:00

VOD

Have the link to the VOD?

Description

Time

  • Played on: Feb. 2, 2019, 5:33 a.m.
  • Length: 12:41
Show
View Real Time Build Order
Export as new Build Order

Lambo Zerg - Winner!

Build Orders: Hatch First 

Get SALT Encoding   

  12  0:01  Drone  
  13  0:12  Overlord  
  13  0:17  Drone  
  14  0:31  Drone x2  
  16  0:49  Hatchery  
  15  0:51  Drone  
  15  0:56  Drone  
  17  0:59  Drone  
  18  1:10  Extractor  
  17  1:14  Spawning Pool  
  17  1:17  Drone  
  17  1:21  Drone  
  18  1:28  Drone  
  19  1:38  Drone  
  20  1:49  Overlord  
  20  2:01  Queen  
  20  2:02  Queen, Zergling x4  
  26  2:10  Metabolic Boost  
  26  2:13  Drone  
  26  2:14  Drone  
  28  2:24  Drone x2  
  30  2:38  Hatchery  
  30  2:42  Drone  
  30  2:47  Pneumatized Carapace  
  30  2:50  Drone  
  31  2:53  Drone  
  31  2:57  Overlord  
  32  3:00  Drone  
  32  3:05  Drone  
  34  3:07  Drone  
  34  3:08  Drone  
  36  3:16  Overlord  
  36  3:17  Drone x2  
  36  3:18  Drone  
  39  3:23  Queen  
  39  3:26  Drone  
  42  3:33  Drone  
  43  3:39  Drone x2  
  45  3:42  Queen  
  45  3:47  Zergling x6  
  50  3:51  Queen  
  50  3:53  Overlord, Zergling x2  
  54  3:55  Drone  
  54  4:00  Overlord  
  54  4:02  Drone  
  55  4:04  Queen  
  55  4:08  Drone  
  58  4:13  Drone  
  58  4:14  Drone, Baneling Nest  
  58  4:15  Drone x2  
  61  4:20  Drone x3  
  61  4:23  Drone  
  65  4:26  Lair  
  65  4:31  Drone x2  
  67  4:35  Drone x4  
  71  4:40  Spore Crawler, Extractor  
  71  4:42  Spore Crawler, Extractor  
  71  4:43  Overlord  
  67  4:52  Drone x3  
  66  4:56  Zergling x4  
  66  5:03  Drone x5  
  66  5:04  Drone  
  66  5:05  Drone  
  73  5:13  Evolution Chamber  
  73  5:14  Drone, Evolution Chamber  
  73  5:16  Drone x2  
  73  5:18  Overlord  
  74  5:22  Extractor  
  74  5:25  Drone  
  74  5:26  Extractor  
  73  5:29  Drone  
  73  5:34  Overlord x2  
  74  5:36  Queen  
  74  5:38  Zergling x12  
  74  5:40  Overseer  
  74  5:41  Baneling  
  74  5:42  Baneling x3  
  82  5:45  Zerg Melee Weapons Level 1, Extractor  
  82  5:46  Hydralisk Den, Zerg Missile Weapons Level 1  
  82  5:47  Drone x2  
  81  5:59  Drone x4  
  81  6:00  Drone x3  
  81  6:01  Hatchery  
  87  6:05  Drone x2  
  87  6:10  Drone  
  90  6:14  Drone x3  
  90  6:16  Muscular Augments  
  93  6:21  Centrifical Hooks  
  93  6:22  Drone  
  94  6:25  Overlord  
  94  6:30  Hydralisk x2  
  94  6:31  Overlord x2, Infestation Pit  
  97  6:35  Overlord  
  97  6:41  Drone  
  97  6:42  Overlord  
  98  6:47  Overlord  
  98  6:48  Drone x7  
  98  6:49  Baneling x3  
  105  6:56  Hydralisk x3  
  105  6:57  Zergling x2  
  105  6:59  Drone  
  113  7:09  Hydralisk x3, Spore Crawler  
  113  7:12  Queen  
  113  7:15  Hydralisk  
  120  7:16  Zergling x10, Spore Crawler  
  120  7:19  Zergling x4  
  120  7:22  Drone x3  
  131  7:28  Zergling x8  
  135  7:35  Overlord  
  133  7:38  Overlord  
  133  7:40  Zergling x2  
  133  7:43  Zergling x8  
  133  7:44  Zergling x6  
  135  7:46  Drone  
  135  7:49  Grooved Spines  
  135  7:50  Overlord  
  135  7:51  Hive  
  135  7:52  Zerg Melee Weapons Level 2  
  135  7:54  Zerg Missile Weapons Level 2  
  135  8:05  Baneling x10  
  135  8:06  Overseer, Baneling  
  135  8:07  Drone x3  
  138  8:13  Hydralisk x2  
  138  8:14  Zergling x4  
  138  8:16  Overlord  
  138  8:18  Overlord  
  138  8:19  Queen  
  146  8:24  Hydralisk  
  146  8:25  Zergling x8  
  148  8:28  Overlord  
  148  8:29  Overlord  
  148  8:30  Overlord  
  148  8:32  Overlord  
  148  8:33  Overlord  
  148  8:34  Overlord  
  146  8:35  Overlord  
  146  8:41  Extractor x2  
  145  8:44  Overlord  
  144  8:49  Drone  
  144  8:50  Spire, Drone x2  
  144  8:53  Hatchery  
  145  8:56  Hydralisk  
  145  8:57  Zergling x12  
  153  9:03  Baneling x4  
  153  9:07  Overlord  
  153  9:13  Drone x2  
  155  9:17  Hydralisk  
  155  9:18  Zergling x8  
  155  9:22  Hatchery  
  155  9:23  Hydralisk x2  
  155  9:24  Zergling x8  
  167  9:27  Hydralisk  
  167  9:28  Zergling x8  
  174  9:37  Overlord  
  171  9:38  Hydralisk x2  
  171  9:39  Hydralisk x2  
  171  9:41  Overlord  
  171  9:50  Zergling x14  
  171  9:52  Baneling x14  
  176  9:57  Hydralisk x2  
  171  10:04  Zergling x4  
  171  10:06  Zergling x4  
  150  10:07  Zergling x4  
  150  10:08  Zergling x4  
  150  10:09  Zergling x4  
  140  10:16  Hydralisk x3  
  140  10:17  Zergling x4  
  140  10:21  Greater Spire  
  140  10:22  Hydralisk  
  140  10:23  Hydralisk x4  
  148  10:29  Viper x3  
  148  10:31  Baneling x5  
  157  10:43  Drone x3, Viper  
  157  10:44  Viper  
  166  10:50  Hatchery  
  164  11:12  Zergling x2, Hydralisk x8  
  164  11:13  Zergling x12  
  164  11:16  Zergling x6  
  180  11:18  Baneling x5  
  180  11:19  Baneling  
  180  11:25  Baneling  
  180  11:35  Hydralisk x5  
  180  11:39  Baneling x8  
  188  11:43  Hydralisk x2  
  188  11:44  Zergling x4  
  183  11:48  Zergling x4, Hydralisk  
  183  11:49  Zergling x18  
  183  11:51  Hydralisk x2  
  179  12:02  Zergling x2  
  179  12:03  Zergling x20  
  187  12:12  Baneling x14  
  187  12:15  Baneling x10  
  187  12:17  Zergling x8  
Show
View Real Time Build Order
Export as new Build Order

llllllllllll Terran 

Build Orders: Command Center First (CC), Hellion Banshee, Mech 

Get SALT Encoding   

  12  0:00  SCV  
  13  0:12  SCV  
  14  0:18  Supply Depot  
  14  0:24  SCV  
  15  0:39  SCV  
  16  0:51  SCV  
  17  0:59  Command Center  
  17  1:03  SCV  
  18  1:15  Barracks  
  18  1:17  SCV  
  19  1:23  Refinery  
  19  1:30  SCV  
  19  1:31  Refinery  
  20  1:42  SCV  
  21  1:54  SCV  
  22  2:02  Reaper  
  22  2:06  Orbital Command  
  23  2:11  Orbital Command  
  23  2:22  Factory  
  23  2:31  SCV  
  23  2:34  Barracks Reactor  
  23  2:36  SCV  
  25  2:43  SCV  
  26  2:49  SCV  
  27  2:55  SCV  
  28  2:59  Supply Depot  
  28  3:01  SCV  
  29  3:08  Starport  
  29  3:09  SCV  
  30  3:13  SCV  
  30  3:14  Hellion x2  
  35  3:22  SCV  
  35  3:23  Barracks Tech Lab  
  35  3:25  SCV  
  37  3:31  Supply Depot  
  37  3:34  SCV  
  37  3:35  Hellion  
  37  3:36  Hellion  
  37  3:37  SCV  
  43  3:46  SCV  
  44  3:49  SCV  
  44  3:52  Viking  
  47  3:55  Supply Depot  
  47  3:59  Hellion x2  
  47  4:01  SCV x2  
  53  4:11  Command Center  
  53  4:13  SCV  
  54  4:17  SCV  
  54  4:19  Supply Depot  
  54  4:22  Banshee  
  58  4:27  SCV  
  58  4:29  SCV  
  58  4:30  Refinery  
  58  4:31  Refinery  
  60  4:38  Factory  
  60  4:39  Factory, SCV  
  60  4:41  Barracks Tech Lab, SCV  
  60  4:44  Supply Depot  
  62  4:57  Hellion x2, SCV x2  
  66  5:01  Supply Depot  
  66  5:10  Armory  
  66  5:11  SCV x2  
  66  5:13  Armory  
  68  5:23  SCV x2  
  68  5:24  Orbital Command, Starport Tech Lab  
  70  5:34  Siege Tank  
  70  5:35  Hellion x2, Siege Tank, SCV  
  81  5:38  Infernal Pre-Igniter  
  81  5:40  SCV  
  82  5:47  SCV  
  82  5:48  Orbital Command  
  83  5:52  SCV  
  87  5:59  Hellion x2, SCV  
  87  6:01  Terran Vehicle Weapons Level 1, Terran Vehicle And Ship Armor Level 1  
  89  6:04  SCV  
  89  6:05  Starport Reactor  
  89  6:06  Refinery x2  
  89  6:09  Cyclone  
  93  6:12  Cyclone, SCV  
  93  6:14  SCV  
  93  6:16  SCV  
  99  6:22  Supply Depot  
  99  6:25  Supply Depot  
  99  6:26  SCV x2  
  99  6:27  Supply Depot  
  101  6:35  Factory  
  101  6:38  Factory  
  101  6:43  SCV x3  
  104  6:48  Cyclone  
  104  6:49  Cyclone, Hellion x2  
  104  6:50  Mag-Field Accelerator  
  104  6:52  Supply Depot  
  114  6:55  SCV x3  
  117  7:02  Supply Depot  
  117  7:05  Command Center  
  117  7:08  Supply Depot  
  117  7:09  SCV  
  117  7:10  SCV x2  
  120  7:18  Hellion x2  
  124  7:24  Factory Reactor  
  124  7:25  Cyclone x3  
  124  7:28  Supply Depot  
  122  7:45  Hellion x2  
  122  7:46  SCV x3  
  129  7:58  Terran Vehicle Weapons Level 2, SCV  
  130  7:59  Engineering Bay, Terran Vehicle And Ship Armor Level 2  
  130  8:00  Supply Depot, Cyclone  
  130  8:01  Factory  
  130  8:02  Factory  
  130  8:03  Factory  
  130  8:05  Hellion x2  
  135  8:06  Cyclone  
  135  8:11  Cyclone  
  135  8:12  Hellion x2  
  145  8:14  SCV  
  145  8:18  SCV x2  
  148  8:31  Hellion x2  
  152  8:35  Cyclone, Hellion  
  152  8:38  Cyclone  
  160  8:43  Cyclone  
  160  8:47  SCV x2  
  165  8:52  Refinery  
  165  8:53  Liberator x2  
  165  8:54  Hellion x3  
  171  8:56  Refinery  
  171  8:57  Hellion  
  173  9:07  Command Center  
  179  9:27  Supply Depot  
  179  9:29  Supply Depot  
  179  9:31  Planetary Fortress  
  179  9:37  Hellion, Liberator x2  
  179  9:43  Cyclone  
  179  9:45  Cyclone x2, Hellion  
  178  9:48  Hellion x2  
  165  9:58  Hellion  
  139  10:07  Hellion  
  139  10:08  SCV  
  139  10:09  SCV x2  
  139  10:10  Hellion x2  
  131  10:15  Cyclone  
  131  10:17  Cyclone  
  131  10:18  Hellion  
  131  10:20  SCV  
  131  10:21  SCV x2  
  125  10:28  SCV  
  125  10:33  Refinery, SCV x3  
  129  10:40  Planetary Fortress  
  129  10:41  SCV  
  130  10:45  SCV x3  
  133  10:50  Supply Depot  
  133  10:54  Factory Tech Lab x2, Factory Reactor  
  133  10:55  Hellion x3  
  133  10:56  Hellion  
  141  10:57  SCV x2  
  141  10:58  Siege Tank x2  
  141  10:59  Siege Tank  
  152  11:08  Hi-Sec Auto Tracking  
  152  11:16  Cyclone x2  
  152  11:18  Hellion x2  
  156  11:30  Cyclone  
  159  11:38  Cyclone x2  
  159  11:39  Orbital Command  
  152  11:48  Cyclone  
  137  11:55  Cyclone  
  137  11:56  Hellion x4  
  137  11:57  Hellion  
  136  12:02  Cyclone  
  134  12:10  SCV  
  134  12:14  Refinery  
  134  12:15  Refinery  
  135  12:16  SCV x2  
  135  12:22  SCV  
Tags
 
Add a new tag
Caveats
  • Supply blocks, unpowered buildings, or Contaminate may cause inaccurate times.
  • Supply counts are checked every 10 seconds.